 Dungeon Crawl Stone Soup version 0.15-a0-1798-g4683f23 (webtiles) character file.

103 Impoz the Chucker (level 4, 0/48 HPs)
             Began as an Ogre Hunter on June 30, 2014.
             Slain by an orc wizard
             ... wielding a +0 dagger
              (2 damage)
             ... on Level 3 of the Dungeon.
             The game lasted 00:06:19 (2060 turns).

Impoz the Chucker (Ogre Hunter)                     Turns: 2060, Time: 00:06:19

HP   0/48        AC  3     Str 18      XL: 4   Next: 79%
MP   4/4         EV 10     Int 10      God:
Gold 79          SH  0     Dex 10      Spells:  0 memorised,  3 levels left

rFire  . . .     SeeInvis .     a - +1 club
rCold  . . .     Clarity  .     d - +0 animal skin
rNeg   . . .     rCorr    .     (shield restricted)
rPois  .         rRot     .     (helmet restricted)
rElec  .         Spirit   .     (no cloak)
SustAb .         Warding  .     (gloves unavailable)
rMut   .         Stasis   .     (boots unavailable)
Gourm  .                        (no amulet)
MR     .....                    (no ring)
                                (no ring)

@: not resistant to hostile enchantments, very unstealthy
A: unfitting armour, tough skin 1
a: no special abilities


You were on level 3 of the Dungeon.
You were hungry.

You visited 1 branch of the dungeon, and saw 3 of its levels.

You collected 79 gold pieces.

Inventory:

Hand weapons
 a - a +1 club (weapon)
Missiles
 b - 3 large rocks (quivered)
 c - 3 throwing nets
 e - 111 stones
Armour
 d - a +0 animal skin (worn)
 n - a +0 buckler
Comestibles
 f - 2 meat rations
 h - 2 beef jerkies
 p - a slice of pizza
 t - 5 fruits
Scrolls
 g - 3 scrolls of random uselessness {unknown}
 i - a scroll of immolation {unknown}
 j - a scroll of noise {unknown}
 l - 4 scrolls of remove curse {unknown}
 m - a scroll of identify {unknown}
 q - a scroll of recharging {unknown}
 r - a scroll of enchant weapon {unknown}
 s - a scroll of amnesia {unknown}
 u - a scroll of enchant armour {unknown}
 v - a scroll of blinking {unknown}
Potions
 k - a potion of curing


   Skills:
 + Level 4.2 Fighting
 + Level 3.2 Maces & Flails
 + Level 5.0 Throwing
 + Level 2.2 Dodging
 - Level 0.7 Stealth


You had 3 spell levels left.
You didn't know any spells.

Dungeon Overview and Level Annotations

Branches:
Dungeon (3/15)

Altars:
Nemelex Xobeh


Innate Abilities, Weirdness & Mutations

You are too large for most types of armour.
You have tough skin (AC +1).


Message History

* * * LOW HITPOINT WARNING * * *
Throwing (i - inventory. (,) - cycle):
b - 5 large rocks (quivered)
Press: ? - help, Shift-Dir - straight line, f - orc wizard
Aim: an orc wizard, wielding a dagger and wearing a robe (fast)
You throw a large rock.
The large rock barely misses the orc wizard.
The large rock barely misses the hobgoblin skeleton.
The orc wizard hits you with a dagger.
* * * LOW HITPOINT WARNING * * *
The orc hits you with a dagger.
* * * LOW HITPOINT WARNING * * *
The orc wizard's eyes start to glow.
Throwing (i - inventory. (,) - cycle):
b - 4 large rocks (quivered)
Press: ? - help, Shift-Dir - straight line, f/p - orc wizard
Aim: an orc wizard, wielding a dagger and wearing a robe (fast)
You throw a large rock. The large rock misses the orc wizard.
The large rock hits the hobgoblin skeleton!
You destroy the hobgoblin skeleton!
The orc wizard hits you with a dagger.
You die...

## ..P #.≈.≈
############## #..≈≈≈.
.............## ..≈≈≈≈≈
.##########...# ...≈≈≈≈
..#########...####.oP.....
#...............@oo..(#
###########.....o#....#
#............# ##
#.....##.....# .##
###..#.#.# ....## ..#
#..........#..## #.#
#..........#...#
#.#####..........#.#.#
......#..........#.#.#


You could see an orc wizard and 3 orcs.

Vanquished Creatures
  2 adders (D:2)
  3 gnolls (D:2)
  A giant mite (D:3)
  An adder zombie (D:3)
  An orc (D:3)
  A bat skeleton (D:3)
  2 bat zombies (D:3)
  4 giant cockroaches
  5 goblins
  6 hobgoblins
  A quokka (D:2)
  3 ball pythons (D:2)
  3 bats
  4 giant newts
  A hobgoblin skeleton (D:3)
  4 kobolds
  4 rats
46 creatures vanquished.

Notes
Turn   | Place    | Note
--------------------------------------------------------------
     0 | D:1      | Impoz, the Ogre Hunter, began the quest for the Orb.
     0 | D:1      | Reached XP level 1. HP: 22/22 MP: 1/1
   240 | D:1      | Reached XP level 2. HP: 22/29 MP: 2/2
   635 | D:2      | Reached XP level 3. HP: 22/37 MP: 3/3
  1065 | D:2      | Reached XP level 4. HP: 17/45 MP: 4/4
  1436 | D:2      | Found a sparkling altar of Nemelex Xobeh.
  1863 | D:3      | Reached skill level 5 in Throwing
  2059 | D:3      | HP: 2/48 [orc/dagger (1)]
  2060 | D:3      | Slain by an orc wizard

Action                   |  1- 3 |  4- 6 || total
-------------------------+-------+-------++-------
Melee: Club              |   100 |    90 ||   190
Throw: Large rock        |     3 |     3 ||     6
  Use: Potion            |       |     3 ||     3
